 Dungeon Crawl Stone Soup version 0.20.1-1-g8b1a95d66d (webtiles) character file.

41 Jynx the Vexing (level 3, 0/24 HPs)
             Began as a Vampire Enchanter on Dec 20, 2017.
             Was an Initiate of Kikubaaqudgha.
             Slain by an adder (1 damage)
             ... on level 2 of the Dungeon.
             The game lasted 00:02:46 (1890 turns).

Jynx the Vexing (Vampire Enchanter)                 Turns: 1890, Time: 00:02:47

Health: 0/24       AC:  2    Str:  6 (7)  XL:     3   Next: 32%
Magic:  0/6        EV: 18    Int: 15 (17) God:    Kikubaaqudgha [......]
Gold:   26         SH:  0    Dex: 19 (20) Spells: 3/6 levels left

rFire    . . .     SeeInvis +   a - +1 dagger
rCold    . . .     Gourm    .   (no shield)
rNeg     + . .     Faith    .   b - +0 robe
rPois    .         Spirit   .   (no helmet)
rElec    .         Reflect  .   (no cloak)
rCorr    .         Harm     .   (no gloves)
MR       .....                  (no boots)
Stlth    ++++......             (no amulet)
Regen    0.1/turn               (no ring)
MPRegen  0.1/turn               (no ring)

@: agile, lethally poisoned (0 -> -9), very slightly contaminated, invisible
A: fangs 3, see invisible, unbreathing
a: Bat Form, Renounce Religion


You were on level 2 of the Dungeon.
You worshipped Kikubaaqudgha.
Kikubaaqudgha was noncommittal.
You were not thirsty.

You visited 1 branch of the dungeon, and saw 2 of its levels.

You collected 26 gold pieces.

Inventory:

Hand Weapons
 a - a +1 dagger (weapon)
Armour
 b - a +0 robe (worn)
Wands
 k - a wand of acid (4/15)
Scrolls
 f - a scroll of identify {unknown}
 h - a scroll of fog {unknown}
 j - a scroll of noise {unknown}
Potions
 d - a potion of blood
Books
 c - a book of Maledictions

   Spells                             Type                      Level
   a - Corona                         Hexes                        1
   b - Ensorcelled Hibernation        Hexes/Ice                    2
   c - Confuse                        Hexes                        3
   d - Tukima's Dance                 Hexes                        3
   e - Dazzling Spray                 Conjuration/Hexes            3


   Skills:
 * Level 2.8 Short Blades
 - Level 2.1 Dodging
 + Level 4.8 Stealth
 - Level 2.0 Spellcasting
 + Level 5.0 Hexes


You had 3 spell levels left.
You knew the following spells:

 Your Spells              Type           Power        Failure   Level  Hunger
a - Corona                Hex            ###....      2%          1    #......
b - Ensorcelled Hibernat  Hex/Ice        #.....       12%         2    ###....


Dungeon Overview and Level Annotations

Branches:
Dungeon (2/15)

Altars:
Cheibriados
Kikubaaqudgha


Innate Abilities, Weirdness & Mutations

You have razor-sharp teeth.
You have supernaturally acute eyesight. (SInv)
You can survive without breathing.


Message History

Press: ? - help, Shift-Dir - straight line, f/p - adder
Aim: an adder (heavily wounded, chance to defeat MR: 50%)
The adder resists with some effort.
* * * LOW HITPOINT WARNING * * *
You feel sick. The adder misses you.
It was a potion of agility.
You feel agile all of a sudden.
* * * LOW HITPOINT WARNING * * *
You feel sick. The adder misses you.
It was a potion of invisibility.
You fade into invisibility!
* * * LOW HITPOINT WARNING * * *
You feel sick. The adder completely misses you.
You are very lightly contaminated with residual magic.
It was a potion of degeneration.
There was something very wrong with that liquid.
You feel weakened.
You feel dopey.
You feel clumsy. The adder misses you. The adder bites you.
You die...
Kikubaaqudgha rasps: "You have failed me!
Welcome... oblivion!"

.#########.......##...
.....'..................+...
.....#.#...............##...
.........................#
#......._............#..#
###.............########..#
#.........#..........###..#
#.........#..........#...##
#.......(KS@..............#
#......####...............#
#......# #......%........#
#......# #...............#
#......# #...######......##
#.......# ###.. #....#...
......... ###. #........
......... #. #........
......... #......##


You could see an adder and a kobold.

Vanquished Creatures
  A gnoll (D:1)
  A leopard gecko (D:1)
  3 bats (D:1)
  3 giant cockroaches
  5 goblins (D:1)
  4 hobgoblins (D:1)
  2 ball pythons (D:1)
  3 frilled lizards (D:1)
  3 kobolds (D:1)
  3 rats (D:1)
28 creatures vanquished.

Notes
Turn   | Place    | Note
-------+----------+-------------------------------------------
     0 | D:1      | Jynx the Vampire Enchanter began the quest for the Orb.
     0 | D:1      | Reached XP level 1. HP: 13/13 MP: 3/3
   396 | D:1      | Reached XP level 2. HP: 19/19 MP: 5/5
   400 | D:1      | Learned a level 2 spell: Ensorcelled Hibernation
   961 | D:1      | Reached XP level 3. HP: 21/24 MP: 3/6
  1797 | D:2      | Found an ancient bone altar of Kikubaaqudgha.
  1803 | D:2      | Reached skill level 5 in Hexes
  1805 | D:2      | Became a worshipper of Kikubaaqudgha
  1860 | D:2      | Found a snail-covered altar of Cheibriados.
  1889 | D:2      | HP: 1/24 [poisoned by an adder]
  1890 | D:2      | Slain by an adder

Skill      XL: |  1  2  3 |
---------------+----------+-----
Short Blades   | 2 |  2.8
Hexes          | 5 |  5.0
Dodging        | |  2.1
Stealth        | |  4.8
Spellcasting   | |  2.0

Action                   || total
-------------------------++-------
Melee: Dagger            ||   107
       Bite              ||     7
 Cast: Corona            ||     5
       Ensorcelled Hiber ||     7
  Use: Potion            ||     3
 Stab: Sleeping          ||     8
       Distracted        ||     1
  Eat: Corpse            ||     4
Armor: Robe              ||    17
Dodge: Dodged            ||    73
